[ AOE2 MATCH · #485162157 ]
UnrankedGurjaras vs Spanish
Player's team · WIN
Rival team · LOSS
[ REPLAY ANALYSIS · EXTRACTED FROM THE RECORDED GAME ]
Feudal
8:27
Castle
12:08
Imperial
—
| APM avg | 38.2 |
| APM peak | 77 |
| eAPM avg | 15.1 |
| Villagers / military | 30 / 21 |
Focus
⚔️ 39.5% · 🌾 60.5%
Scorpion ×15 · Monk ×4 · Armored Elephant ×2
Feudal
11:23
Castle
14:53
Imperial
—
| APM avg | 43.6 |
| APM peak | 77 |
| eAPM avg | 16.3 |
| Villagers / military | 38 / 9 |
Focus
⚔️ 12.8% · 🌾 87.2%
Conquistador ×6 · Mangonel ×2 · Battering Ram ×1
Match map
Initial resources + every placement click. Lines = walls · curves = elevation contours. ◆ gold · ⬟ stone · ● berries · ✦ relic · ◌ wall gap
Your base· ✓ Closed at 12:08 · 0t walls · 3 gate(s)
MaDDnes's base· ✓ Closed at 14:53 · 16t walls · 2 gate(s)
Smoothed initial terrain · ◌ = detected wall gap · hover for details
Inputs per minute
— DS_Gitano Urbano - - MaDDnes
Build order — DS_Gitano Urbano
83 actions detected in the replay
| 0:00 | Create | Villager (Male) ×4 |
| 0:02 | Build | House |
| 0:03 | Build | House |
| 0:31 | Build | Mill |
| 1:39 | Create | Villager (Male) |
| 2:00 | Create | Villager (Male) |
| 2:13 | Create | Villager (Male) |
| 2:51 | Create | Villager (Male) |
| 3:09 | Create | Villager (Male) |
| 3:13 | Create | Villager (Male) |
| 3:52 | Build | House |
| 3:52 | Build | House |
| 4:07 | Create | Villager (Male) |
| 4:07 | Create | Villager (Male) |
| 4:24 | Build | House |
| 4:31 | Build | Lumber Camp |
| 4:45 | Create | Villager (Male) |
| 5:27 | Create | Villager (Male) |
| 5:29 | Create | Villager (Male) |
| 6:12 | Research | Feudal Age |
| 7:49 | Research | Loom |
| 8:27 | Age | Feudal Age |
| 8:31 | Build | Market |
| 8:48 | Create | Villager (Male) |
| 8:58 | Build | Blacksmith |
| 9:28 | Research | Castle Age |
| 10:38 | Build | Mining Camp |
| 11:53 | Create | Villager (Male) |
| 12:08 | Age | Castle Age |
| 12:13 | Build | Siege Workshop |
| 12:47 | Build | Siege Workshop |
| 12:49 | Create | Armored Elephant |
| 12:59 | Build | House |
| 13:04 | Create | Armored Elephant |
| 13:06 | Create | Villager (Male) |
| 13:23 | Create | Scorpion |
| 13:32 | Build | House |
| 13:46 | Create | Scorpion |
| 14:10 | Create | Scorpion |
| 14:35 | Build | House |
| 14:47 | Create | Scorpion |
| 15:15 | Create | Scorpion |
| 15:34 | Create | Scorpion |
| 15:37 | Create | Villager (Male) |
| 15:37 | Create | Villager (Male) |
| 16:08 | Create | Scorpion |
| 16:29 | Create | Villager (Male) |
| 17:07 | Build | Monastery |
| 17:08 | Create | Villager (Male) |
| 17:15 | Create | Villager (Male) |
| 17:23 | Build | House |
| 17:49 | Create | Monk |
| 17:56 | Build | House |
| 18:17 | Create | Villager (Male) |
| 18:34 | Build | Monastery |
| 18:45 | Research | Sanctity |
| 19:40 | Research | Redemption |
| 19:42 | Create | Villager (Male) |
| 19:46 | Create | Villager (Male) |
| 20:05 | Create | Scorpion |
| 20:25 | Create | Scorpion |
| 20:37 | Create | Monk |
| 21:12 | Create | Villager (Male) |
| 21:16 | Build | Farm |
| 21:17 | Build | Farm |
| 21:17 | Build | Farm |
| 21:17 | Build | Farm |
| 21:18 | Build | Farm |
| 21:39 | Build | House |
| 21:54 | Create | Monk |
| 21:55 | Create | Villager (Male) |
| 22:01 | Create | Scorpion |
| 22:35 | Create | Scorpion |
| 22:35 | Create | Scorpion |
| 23:00 | Create | Scorpion |
| 23:00 | Create | Scorpion |
| 23:06 | Create | Villager (Male) |
| 23:20 | Build | Farm |
| 23:21 | Build | Farm |
| 23:21 | Build | Farm |
| 23:31 | Create | Monk |
| 23:33 | Create | Villager (Male) |
| 24:06 | Create | Scorpion |
Build order — MaDDnes
97 actions detected in the replay
| 0:01 | Create | Villager (Male) |
| 0:03 | Build | House |
| 0:04 | Build | House |
| 0:13 | Create | Villager (Male) |
| 0:13 | Create | Villager (Male) |
| 0:13 | Create | Villager (Male) |
| 0:13 | Create | Villager (Male) |
| 1:43 | Create | Villager (Male) |
| 1:54 | Build | Lumber Camp |
| 1:58 | Create | Villager (Male) |
| 1:58 | Create | Villager (Male) |
| 2:14 | Create | Villager (Male) |
| 2:14 | Create | Villager (Male) |
| 2:47 | Create | Villager (Male) |
| 3:05 | Create | Villager (Male) |
| 3:05 | Create | Villager (Male) |
| 3:32 | Create | Villager (Male) |
| 3:33 | Create | Villager (Male) |
| 3:52 | Build | House |
| 3:53 | Build | House |
| 4:01 | Create | Villager (Male) |
| 4:01 | Create | Villager (Male) |
| 4:21 | Create | Villager (Male) |
| 4:36 | Build | Mill |
| 4:49 | Create | Villager (Male) |
| 4:49 | Create | Villager (Male) |
| 5:42 | Create | Villager (Male) |
| 5:43 | Create | Villager (Male) |
| 6:24 | Create | Villager (Male) |
| 6:24 | Create | Villager (Male) |
| 6:25 | Create | Villager (Male) |
| 6:46 | Build | House |
| 6:47 | Build | House |
| 7:19 | Build | Lumber Camp |
| 7:20 | Create | Villager (Male) |
| 8:01 | Create | Villager (Male) |
| 8:01 | Create | Villager (Male) |
| 8:35 | Build | Mining Camp |
| 8:51 | Research | Feudal Age |
| 9:26 | Build | Farm |
| 9:30 | Build | Farm |
| 9:33 | Build | Farm |
| 9:45 | Build | Mining Camp |
| 10:15 | Create | Villager (Male) |
| 10:15 | Create | Villager (Male) |
| 11:23 | Age | Feudal Age |
| 11:26 | Build | Market |
| 11:30 | Build | Blacksmith |
| 11:35 | Build | House |
| 11:37 | Build | House |
| 11:56 | Build | Farm |
| 12:04 | Research | Castle Age |
| 12:48 | Build | Stone Wall |
| 12:53 | Build | Stone Wall |
| 13:12 | Build | Stone Wall |
| 13:29 | Build | Farm |
| 13:34 | Research | Double-Bit Axe |
| 13:40 | Research | Horse Collar |
| 13:42 | Create | Villager (Male) |
| 13:50 | Build | Stone Wall |
| 13:56 | Build | Stone Wall |
| 14:08 | Build | Stone Wall |
| 14:53 | Age | Castle Age |
| 14:58 | Build | Castle |
| 15:03 | Build | Siege Workshop |
| 15:15 | Create | Villager (Male) |
| 15:40 | Create | Villager (Male) |
| 15:50 | Create | Mangonel |
| 17:21 | Build | Market |
| 18:10 | Build | Town Center |
| 18:34 | Build | Farm |
| 18:55 | Build | Mining Camp |
| 19:36 | Create | Conquistador |
| 19:39 | Create | Villager (Male) |
| 19:48 | Create | Mangonel |
| 19:54 | Create | Villager (Male) |
| 19:57 | Build | Farm |
| 20:01 | Build | Farm |
| 20:03 | Build | Farm |
| 20:05 | Build | Farm |
| 20:17 | Build | Farm |
| 20:19 | Build | Farm |
| 21:08 | Create | Conquistador |
| 21:14 | Create | Villager (Male) |
| 21:14 | Create | Villager (Male) |
| 21:16 | Build | Farm |
| 21:21 | Build | Mill |
| 21:22 | Build | Farm |
| 21:22 | Build | Farm |
| 21:22 | Build | Farm |
| 21:23 | Build | Farm |
| 21:49 | Create | Conquistador |
| 21:49 | Create | Conquistador |
| 22:50 | Create | Conquistador |
| 23:04 | Create | Conquistador |
| 23:19 | Create | Villager (Male) |
| 23:34 | Create | Battering Ram |
Match timeline
| 8:27 | DS_Gitano Urbano · age_up feudal |
| 9:17 | DS_Gitano Urbano · first_market_sell 100 stone |
| 11:23 | MaDDnes · age_up feudal |
| 12:08 | DS_Gitano Urbano · age_up castle |
| 12:13 | DS_Gitano Urbano · first_building Siege Workshop |
| 12:43 | DS_Gitano Urbano · first_market_buy 100 wood |
| 12:48 | MaDDnes · wall_segment Stone Wall x6 |
| 12:53 | MaDDnes · wall_segment Stone Wall x1 |
| 13:12 | MaDDnes · wall_segment Stone Wall x6 |
| 13:50 | MaDDnes · wall_segment Stone Wall x1 |
| 13:56 | MaDDnes · wall_segment Stone Wall x1 |
| 14:08 | MaDDnes · wall_segment Stone Wall x1 |
| 14:53 | MaDDnes · age_up castle |
| 14:56 | MaDDnes · first_market_buy 100 stone |
| 14:58 | MaDDnes · first_building Castle |
| 15:03 | MaDDnes · first_building Siege Workshop |
| 15:46 | MaDDnes · first_market_sell 100 wood |
| 17:07 | DS_Gitano Urbano · first_building Monastery |
| 24:32 | MaDDnes · resign |
[ AI ANALYSIS · 1 CREDIT ]
What really happened in this match?
Wolo.gg analyzes every decision: build order, eco, micro, common mistakes by bracket. Personalized analysis on WhatsApp or Discord in 30 seconds.
Civ guide
Gurjaras
Perfil
Jugador #352739